 Dungeon Crawl Stone Soup version 0.27-a0-362-g8331d79 (webtiles) character file.

Game seed: 10005950742143095856

91 MrTaco21 the Cudgeller (level 4, -2/28 HPs)
             Began as a Gargoyle Fighter on Feb 16, 2021.
             Slain by Grinder (5 damage)
             ... on level 3 of the Dungeon.
             The game lasted 00:01:43 (2043 turns).

MrTaco21 the Cudgeller (Gargoyle Fighter)           Turns: 2043, Time: 00:01:43

Health: -2/28      AC: 10    Str: 21    XL:     4   Next: 57%
Magic:  4/4        EV:  7    Int:  8    God:
Gold:   136        SH:  9    Dex:  9    Spells: 3/3 levels left

rFire    . . .     SeeInvis .   a - +0 flail
rCold    . . .     Faith    .   c - +0 kite shield
rNeg     + . .     Spirit   .   b - +0 scale mail
rPois    ∞         Reflect  .   (no helmet)
rElec    +         Harm     .   (no cloak)
rCorr    .         Rampage  .   (no gloves)
Will     .....                  (no boots)
Stlth    ..........             f - amulet of the acrobat
HPRegen  0.09/turn              (no ring)
MPRegen  0.09/turn              (no ring)

@: no status effects
A: negative energy resistance 1, electricity resistance, unbreathing,
petrification resistance, miasma immunity, AC +3
a: no special abilities


You were on level 3 of the Dungeon.
You visited 1 branch of the dungeon, and saw 3 of its levels.

You collected 136 gold pieces.

Inventory:

Hand Weapons
 a - a +0 flail (weapon)
Armour
 b - a +0 scale mail (worn)
 c - a +0 kite shield (worn)
Jewellery
 f - an amulet of the acrobat (around neck)
   (You found it on level 1 of the Dungeon)
Scrolls
 g - a scroll of noise {unknown}
 i - a scroll of teleportation {unknown}
 j - a scroll of identify {unknown}
 m - a scroll of amnesia {unknown}
Potions
 d - a potion of might
 e - 2 potions of haste {unknown}
 h - a potion of curing {unknown}
 k - a potion of ambrosia {unknown}
 l - a potion of berserk rage {unknown}


   Skills:
 - Level 3.2 Fighting
 + Level 4.6 Maces & Flails
 - Level 3.2 Armour
 - Level 3.2 Shields


You had 3 spell levels left.
You didn't know any spells.
Your spell library was empty.

Dungeon Overview and Level Annotations

Branches:
Dungeon (3/15)

Altars:

Annotations:
D:3 Grinder


Innate Abilities, Weirdness & Mutations

You are resistant to torment.
Your stone body is resilient. (AC +3)
You are immune to poison.
You resist negative energy. (rN+)
You are resistant to electric shocks. (rElec)
You can survive without breathing.
You are immune to petrification.
You are immune to miasma.


Message History

You resist with significant effort. The hobgoblin completely misses you.
Grinder gestures at you. You resist with significant effort.
Unknown command.
Unknown command.
Your shield prevents you from hitting Grinder.
The hobgoblin hits you but does no damage.
Grinder hits you but does no damage.
You hit Grinder.
The hobgoblin hits you but does no damage.
Grinder gestures at you. Pain shoots through your body!
* * * LOW HITPOINT WARNING * * *
The hobgoblin barely misses you. You block Grinder's attack.
Unknown command.
You sock Grinder! The hobgoblin barely misses you. You block Grinder's attack.
Unknown command.
You barely miss Grinder. You block the hobgoblin's attack.
Grinder hits you but does no damage. The hobgoblin closely misses you.
Your scale mail prevents you from hitting the hobgoblin.
Grinder gestures at you.
You barely resist. You block the hobgoblin's attack.
You block Grinder's attack.
Unknown command.
You sock the hobgoblin!
You kill the hobgoblin!
Grinder blinks!
Unknown command.
Grinder says, "Just stop there for a second..."
Grinder blinks!
Grinder gestures at you.
You suddenly lose the ability to move!
Grinder blinks!
You can move again.
Unknown command.
Grinder gestures at you.
You shrug off the repeated paralysis!
You block Grinder's attack.
You closely miss Grinder.
Grinder blinks!
Grinder gestures at you. Pain shoots through your body!
* * * LOW HITPOINT WARNING * * *
Unknown command.
You block Grinder's attack.
You closely miss Grinder. Grinder gestures at you.
Pain shoots through your body!
* * * LOW HITPOINT WARNING * * *
You barely miss Grinder. Grinder hits you.
You die...

####### .......
#...######
############ #.#
......5@...## #.#
............# #.#
.#########..# #.#
#### ... #..# #.#
#...
#..#..###.#####.##
#!)..........#.#
#..#..#####.#.#†##
......... ...#....#
##.###..#####.......


You could see Grinder.

Vanquished Creatures
  Terence (D:3)
  An adder (D:2)
  A gnoll (D:1)
  2 leopard geckos
  7 bats
  4 giant cockroaches
  5 goblins
  7 hobgoblins
  5 kobolds
  A ball python (D:1)
  4 frilled lizards
  7 rats
45 creatures vanquished.

Notes
Turn   | Place    | Note
-------+----------+-------------------------------------------
     0 | D:1      | MrTaco21 the Gargoyle Fighter began the quest for the Orb.
     0 | D:1      | Reached XP level 1. HP: 14/14 MP: 1/1
   265 | D:1      | Reached XP level 2. HP: 18/19 MP: 2/2
   380 | D:1      | Reached skill level 3 in Maces & Flails
   910 | D:1      | Reached XP level 3. HP: 9/23 MP: 3/3
  1583 | D:2      | Reached skill level 4 in Maces & Flails
  1808 | D:2      | Reached XP level 4. HP: 26/28 MP: 4/4
  1941 | D:3      | Noticed Terence
  1951 | D:3      | Killed Terence
  2014 | D:3      | Noticed Grinder
  2035 | D:3      | Paralysed by Grinder for 2 turns
  2043 | D:3      | Slain by Grinder

Illustrated notes

Levels and vault maps discovered:
D:1:      dpeg_arrival_rhombus, layout_loops_ring
D:2:      layout_basic
D:3:      layout_loops_ring, elyvilon_altar_3,
          grunt_dithmenos_smoke_and_mirrors, uniq_grinder, uniq_terence

Skill      XL: |  1  2  3 |
---------------+----------+-----
Maces & Flails | 3 4 |  4.6
Fighting       | |  3.2
Armour         | |  3.2
Shields        | |  3.2

Action                   |  1- 3 |  4- 6 || total
-------------------------+-------+-------++-------
Melee: Flail             |   150 |    46 ||   196
Armor: Scale mail        |   100 |    22 ||   122
Dodge: Dodged            |    72 |    18 ||    90
Block: Kite shield       |    72 |    25 ||    97

Table legend: (Time is in decaauts)
 A = Elapsed time spent in this place.
 B = Non-inter-level travel time spent in this place.
 C = Inter-level travel time spent in this place.
 D = Time resting spent in this place.
 E = Time spent auto-exploring this place.
 F = Levels seen in this place.
 G = Mean time per level.
                   A        B        C        D        E       F      G
               +--------+--------+--------+--------+--------+-----+--------+
         Total |   2135 |   2088 |     47 |    261 |   1400 |   3 |  711.7 |
       Dungeon |   2135 |   2088 |     47 |    261 |   1400 |   3 |  711.7 |
               +--------+--------+--------+--------+--------+-----+--------+

Top non-repeatable levels by time:
     D:1: 1346 daAuts
     D:2: 564 daAuts
     D:3: 225 daAuts
